 Dungeon Crawl Stone Soup version 0.25.1-2-g60ff931df9 (webtiles) character file.

Game seed: 2278072644074645472

107 mmazing the Skirmisher (level 4, -11/41 HPs)
             Began as a Hill Orc Berserker on Oct 28, 2020.
             Was a Believer of Trog.
             Mangled by an ogre
             ... wielding a +0 giant club
              (28 damage)
             ... on level 3 of the Dungeon.
             The game lasted 00:17:33 (2297 turns).

mmazing the Skirmisher (Hill Orc Berserker)         Turns: 2297, Time: 00:17:34

Health: -11/41     AC:  5    Str: 20    XL:     4   Next: 85%
Magic:  4/4        EV: 11    Int:  7    God:    Trog [**....]
Gold:   167        SH:  0    Dex: 10    Spells: 3/3 levels left

rFire    . . .     SeeInvis .   o - +0 dire flail
rCold    . . .     Gourm    .   (shield currently unavailable)
rNeg     . . .     Faith    .   d - +0 ring mail
rPois    .         Spirit   .   (no helmet)
rElec    .         Reflect  .   (no cloak)
rCorr    .         Harm     .   (no gloves)
MR       .....                  (no boots)
Stlth    ..........             (no amulet)
HPRegen  0.13/turn              (no ring)
MPRegen  0.09/turn              (no ring)

@: no status effects
A: no striking features
a: Berserk, Trog's Hand, Renounce Religion


You were on level 3 of the Dungeon.
You worshipped Trog.
Trog was pleased with you.
You were not hungry.

You visited 1 branch of the dungeon, and saw 4 of its levels.

You collected 167 gold pieces.

Inventory:

Hand Weapons
 a - a +0 short sword
 m - a +4 dagger
 o - a +0 dire flail (weapon)
Missiles
 e - 54 arrows
Armour
 b - a +0 animal skin
 d - a +0 ring mail (worn)
Jewellery
 j - a cursed ring of attention {unknown}
Wands
 p - a wand of enslavement (11)
Scrolls
 f - 4 scrolls of identify {unknown}
 g - a scroll of remove curse {unknown}
 h - 2 scrolls of enchant weapon {unknown}
 i - a scroll of amnesia {unknown}
Potions
 k - a potion of stabbing {unknown}
 l - 2 potions of mutation {unknown}
 n - a potion of brilliance {unknown}
 q - a potion of invisibility {unknown}
Comestibles
 c - 3 rations


   Skills:
 + Level 4.4 Fighting
 + Level 4.1 Short Blades
 + Level 0.7 Maces & Flails
 + Level 2.8 Armour
 + Level 2.1 Dodging


You had 3 spell levels left.
You didn't know any spells.
Your spell library was empty.

Dungeon Overview and Level Annotations

Branches:
Dungeon (4/15)
 Temple: D:4-7

Altars:
Cheibriados
Qazlal
Xom


Message History

You open the door.
There is an open door here.
An ogre comes into view. It is wielding a +0 giant club.
The ogre shouts!
You closely miss the ogre. The ogre closely misses you.
You hit the ogre.
The ogre is lightly wounded.
The ogre hits you with a +0 giant club!
You sock the ogre!
The ogre is heavily wounded.
The ogre hits you with a +0 giant club!
There is a stone staircase leading up here.
The ogre hits you with a +0 giant club.
You climb upwards.
There is a stone staircase leading down here.
You barely miss the ogre.
The ogre is heavily wounded.
The ogre hits you with a +0 giant club!!
Ouch! That really hurt!
You die...

.....####................#
.....####.........##...#.#
.....##...........##...#.#
........#..........#...#.#
......###..........#.....#
........#.......(..#...###
..................†#...#
.................O..).###
.......####.####@.......#######
#.###### #....##........#.....##
#.# #.....................## ..#
## ##...#......_...........# ..
.##....##.........^........# ..##
... .....#................#
#..####.#.#.....................#
.......<.....###................#
............#...................#


You could see an ogre.

Vanquished Creatures
  3 adders
  An ooze (D:2)
  A worm (D:2)
  5 dart slugs
  A leopard gecko (D:2)
  4 orcs
  2 giant cockroaches (D:3)
  8 goblins
  10 hobgoblins
  6 kobolds
  2 quokkas
  4 bats
  4 frilled lizards
  2 rats
53 creatures vanquished.

Notes
Turn   | Place    | Note
-------+----------+-------------------------------------------
     0 | D:1      | mmazing the Hill Orc Berserker began the quest for the Orb.
     0 | D:1      | Reached XP level 1. HP: 19/19 MP: 1/1
   293 | D:1      | Reached XP level 2. HP: 22/27 MP: 2/2
   816 | D:2      | Found a faded altar of an unknown god.
   824 | D:2      | Reached XP level 3. HP: 29/33 MP: 3/3
  1170 | D:2      | Reached ** piety under Trog
  1173 | D:2      | Reached XP level 4. HP: 19/41 MP: 4/4
  1562 | D:2      | Found a shimmering altar of Xom.
  1706 | D:3      | Found a stormy altar of Qazlal.
  2123 | D:3      | Found a snail-covered altar of Cheibriados.
  2275 | D:4      | Noticed an ogre
  2297 | D:3      | Mangled by an ogre

Illustrated notes

Levels and vault maps discovered:
D:1:      sevenhm_arrival_forest_fort_small_4, layout_loops_corners
D:2:      layout_basic, lemuel_coloured_pillars_altar,
          chequers_ecumenical_altar_simple, guppyfry_early_orc_mine
D:3:      layout_rooms, grunt_qazlal_sundering, cheibriados_altar_1,
          nicolae_ru_sacrificial_ziggurat
D:4:      layout_basic, elyvilon_altar_4, serial_curves, eino_curves_04,
          eino_curves_01, chequers_serial_rivers_micro_e

Skill      XL: |  1  2  3  4 |
---------------+-------------+-----
Fighting       | 4 |  4.4
Short Blades   | 4 |  4.1
Dodging        | 2 |  2.1
Maces & Flails | |  0.7
Armour         | |  2.8

Action                   |  1- 3 |  4- 6 || total
-------------------------+-------+-------++-------
Melee: Short sword       |   149 |       ||   149
       Dagger            |    11 |    18 ||    29
       Dire flail        |       |    60 ||    60
  Use: Potion            |     1 |     1 ||     2
  Eat: Ration            |     1 |     1 ||     2
Armor: Ring mail         |    49 |    13 ||    62
       Skin              |    19 |    20 ||    39
Dodge: Dodged            |    84 |    38 ||   122
